 Dungeon Crawl Stone Soup version 0.26-a0-661-g406de6ba63 (webtiles) character file.

Game seed: 7746878588421666483

24532 Borbozo the Thaumaturge (level 13, -9/87 HPs)
             Began as a Human Ice Elementalist on Oct 9, 2020.
             Was an Elder of Sif Muna.
             Engulfed by their own flame (15 damage)
             ... on level 4 of the Lair of Beasts.
             The game lasted 03:34:34 (22655 turns).

Borbozo the Thaumaturge (Human Ice Elementalist)   Turns: 22655, Time: 03:34:35

Health: -9/87      AC: 14    Str:  8    XL:     13   Next: 43%
Magic:  10/38      EV: 17    Int: 20    God:    Sif Muna [****..]
Gold:   1122       SH:  4    Dex: 21    Spells: 3/37 levels left

rFire    . . .     SeeInvis .   H - +1 spear (venom)
rCold    . . .     Faith    +   (no shield)
rNeg     . . .     Spirit   .   g - +2 robe {MR+}
rPois    .         Reflect  .   I - +1 hat {MR+}
rElec    .         Harm     .   K - +2 cloak
rCorr    .         Rampage  .   k - +1 pair of gloves
MR       ++...     Rnd*Rage +   O - +1 pair of boots
Stlth    +++.......             t - amulet of faith
HPRegen  0.24/turn              b - ring of magical power
MPRegen  0.26/turn              j - +6 ring of dexterity

@: lethally poisoned (-9 -> -16), lightly drained
A: large bone plates 1, thin metallic scales 1, berserk 1, sturdy frame 1
a: Channel Magic, Forget Spell, Divine Exegesis, Renounce Religion


You were on level 4 of the Lair of Beasts.
You worshipped Sif Muna.
Sif Muna was greatly pleased with you.
You visited 2 branches of the dungeon, and saw 13 of its levels.
You visited the Abyss 1 time.

You collected 1122 gold pieces.

Inventory:

Hand Weapons
 o - a +3 dagger of distortion
 A - a +0 hunting sling
 H - a +1 spear of venom (weapon)
Missiles
 c - 455 stones (quivered)
 d - 130 sling bullets
 r - 7 datura-tipped darts
 u - 6 curare-tipped darts
 v - 15 javelins
 w - 17 silver javelins
 Z - 7 poisoned darts
Armour
 g - a +2 robe of magic resistance (worn)
 k - a +1 pair of gloves (worn)
 I - a +1 hat of magic resistance (worn)
 K - a +2 cloak (worn)
 O - a +1 pair of boots (worn)
Magical Staves
 h - an uncursed staff of cold {unknown}
Jewellery
 b - a ring of magical power (left hand)
 i - an uncursed ring of protection from cold
 j - a +6 ring of dexterity (right hand)
 m - a +6 ring of dexterity
 t - an amulet of faith (around neck)
 y - an uncursed ring of ice
 z - an uncursed ring of resist corrosion
 D - an uncursed amulet of guardian spirit
 J - an uncursed ring of protection from cold
 P - an uncursed amulet of the acrobat
 Y - an uncursed amulet of magic regeneration
Wands
 a - a wand of digging (7)
 B - a wand of flame (37)
 C - a wand of random effects (10)
 F - a wand of disintegration (25)
 G - a wand of acid (2)
Scrolls
 n - 3 scrolls of amnesia
 s - 10 scrolls of teleportation
 L - a scroll of magic mapping
 M - a scroll of holy word
 Q - 3 scrolls of fog
 R - 5 scrolls of remove curse
 S - a scroll of immolation
 W - 2 scrolls of fear
Potions
 e - a potion of cancellation
 l - a potion of magic
 p - 3 potions of flight
 x - a potion of haste
 N - 2 potions of mutation
 X - 2 potions of berserk rage
Miscellaneous
 T - a tin of tremorstones (3/3)


   Skills:
 + Level 3.6(3.5) Fighting
 + Level 1.1(0.9) Short Blades
 + Level 4.0(3.8) Polearms
 + Level 1.8(1.7) Slings
 + Level 0.2(1.0) Throwing
 + Level 6.2(6.0) Dodging
 + Level 5.1(5.0) Stealth
   Level 1.1(0.9) Shields
 + Level 12.7(12.5) Spellcasting
 + Level 0.3(0.2) Conjurations
 + Level 2.1(2.0) Hexes
 + Level 5.7(5.6) Summonings
 + Level 12.5(12.4) Ice Magic
 + Level 0.2(0.0) Evocations


You had 3 spell levels left.
You knew the following spells:

 Your Spells              Type           Power        Failure   Level
a - Freeze                Ice            ####         1%          1
b - Ozocubu's Armour      Ice            ######..     1%          3
c - Frozen Ramparts       Ice            ######       1%          3
d - Summon Small Mammal   Summ           ####         1%          1
e - Call Imp              Summ           #####...     1%          2
f - Summon Ice Beast      Ice/Summ       #####...     1%          4
g - Hailstorm             Conj/Ice       #####...     4%          4
h - Summon Guardian Gole  Hex/Summ       ####....     3%          3
i - Metabolic Englaciati  Hex/Ice        #####.....   8%          5
j - Petrify               Tmut/Erth      ##......     47%         4
k - Summon Lightning Spi  Summ/Air       ###.....     17%         4

Your spell library contained the following spells:

 Spells                   Type           Power        Failure   Level
 Call Canine Familiar     Summ           #####...     1%          3
 Confusing Touch          Hex            ###.....     7%          3
 Gell's Gravitas          Tloc           ##........   16%         3
 Yara's Violent Unravell  Hex/Tmut       ###.......   67%         5
 Irradiate                Conj/Tmut      ##........   80%         5
 Hydra Form               Tmut           ##........   100%        6
 Statue Form              Tmut/Erth      ##.......    100%        6
 Dragon Form              Tmut           ##........   100%        7


Dungeon Overview and Level Annotations

Branches:
Dungeon (9/15)             Temple (0/1) D:6            Lair (4/6) D:9
 Spider (0/4) Lair:4          Orc (0/2) D:9
  Swamp: Lair:2-4    Shoals: Lair:2-4

Altars:
Ashenzari
Fedhas
Makhleb
Qazlal
Sif Muna

Shops:
D:5 *   D:6 (   D:7 }   D:9 (

Annotations:
D:2 Natasha
Lair:3 exclusion: 2 oklob plants
Lair:4 exclusion: oklob plant


Innate Abilities, Weirdness & Mutations

You are partially covered in large bone plates. (SH +4)
You are partially covered in thin metallic scales. (AC +2)
You tend to lose your temper in combat.
Your movements are slightly less encumbered by armour. (ER -2)


Message History

The heat melts your icy armour.
Your magical effects are unravelling.
You feel magically purged.
Your magical contamination has completely faded away.
You are engulfed in blazing flames.
Your icy armour melts away.
* * * LOW HITPOINT WARNING * * *
You feel a little less mighty now.
* * * LOW HITPOINT WARNING * * *
You feel sick.
Your ice beast is no longer moving slowly.
Really quaff the potion of mutation?
Uppercase [Y]es or [N]o only, please.
Really quaff the potion of mutation?
You feel extremely strange.
Your slimy green scales disappear.
You feel weaker.
You feel a little pissed off.
Thin metallic scales grow over part of your body.
You are engulfed in blazing flames.
You die...

#...#.....†.†###......###
#........†#..###........#
###.W.Y..####.........###
###......## ###........#
##........##### ##...<...#
##.÷##>........####.......#
##....#..........#.....#####
#..####................#
.### #........#@§§.##.# ##
#...^...###)§Y#### .#
##.....#.###§##.### ##
#.....#####W.....## #
####### #.........# P
###.........# .
#P........... .
#............ ..
#.............


You could see a wraith and a friendly ice beast (summoned, drained).

Vanquished Creatures
  A minotaur (Lair:1)
  The ghost of lilly the Quickloader, a journeyman MiHu of Gozag (Lair:1)
  2 hydras
  A death yak (Lair:3)
  Nergalle (Lair:4)
  An ugly thing (D:8)
  2 black mambas
  2 elephants (Lair:4)
  5 cane toads
  A rime drake (Lair:2)
  2 komodo dragons
  A tengu conjurer (D:8)
  The ghost of YoungGLord the Digger, a novice GrEE (D:5)
  A jumping spider (Lair:4)
  A polar bear (Lair:2)
  A blink frog (Lair:4)
  11 yaks
  A redback (Lair:4)
  3 wyverns
  2 wraiths
  A basilisk (Lair:1)
  11 water moccasins
  A black bear (D:8)
  4 sky beasts
  3 orc warriors
  2 ice beasts
  2 wolves (Lair:1)
  5 ogres
  2 centaurs
  A big kobold (D:9)
  Blork the orc (D:4)
  10 bullfrogs
  2 gnoll sergeants (D:5)
  5 scorpions
  A killer bee (D:7)
  A nameless horror (D:7)
  2 howler monkeys
  An electric eel (Lair:1)
  A quasit (D:8)
  7 hounds
  2 jellies (D:7)
  A bullfrog skeleton (D:5)
  6 orc priests
  A gnoll shaman (D:5)
  An orc wizard (D:5)
  Natasha (twice) (D:2)
  2 worker ants
  A killer bee zombie (D:9)
  A hound zombie (D:7)
  2 hound skeletons
  A howler monkey zombie (D:6)
  A worker ant zombie (D:9)
  12 gnolls
  A howler monkey skeleton (D:5)
  11 adders
  A white imp (D:6)
  4 ufetubi
  3 oozes
  An adder zombie (D:4)
  An adder skeleton (D:9)
  5 worms
  A dart slug (D:1)
  6 leopard geckos
  17 orcs
  7 giant cockroaches
  6 goblins
  11 hobgoblins
  8 jackals
  5 quokkas
  10 bats
  5 frilled lizards
  A jackal skeleton (D:4)
  10 kobolds
  A leopard gecko zombie (D:8)
  4 rats
256 creatures vanquished.

Vanquished Creatures (collateral kills)
  Rupert (Lair:3)
  Gastronok (Lair:3)
  Josephine (Lair:4)
  2 hydras
  Sonja (Lair:2)
  An ugly thing (D:8)
  2 black mambas (Lair:1)
  An elephant (Lair:4)
  A cane toad (Lair:4)
  2 komodo dragons
  3 rime drakes
  A polar bear (Lair:1)
  Grinder (D:6)
  2 blink frogs (Lair:4)
  2 wraiths (Lair:4)
  A wyvern (Lair:3)
  2 redbacks (Lair:4)
  3 yaks
  Grum (Lair:1)
  A steam dragon (Lair:3)
  An ice beast (D:8)
  2 ogres
  A phantom (D:7)
  A wolf (Lair:1)
  2 centaurs (D:8)
  A big kobold (D:8)
  2 nameless horrors
  A bullfrog (Lair:2)
  A gnoll sergeant (D:8)
  A scorpion (D:8)
  A quasit (D:7)
  A bullfrog zombie (D:9)
  2 orc wizards (D:7)
  A centaur skeleton (D:9)
  A hound zombie (D:8)
  A gnoll (D:8)
  A shadow imp (D:7)
  An ufetubus (D:8)
  9 orcs
  A quokka (D:9)
  A kobold (D:8)
63 creatures vanquished.

Vanquished Creatures (others)
  A gnoll (D:5)
  13 fungi
  32 plants
46 creatures vanquished.

Grand Total: 365 creatures vanquished

Notes
Turn   | Place    | Note
-------+----------+-------------------------------------------
     0 | D:1      | Borbozo the Human Ice Elementalist began the quest for the
                  | Orb.
     0 | D:1      | Reached XP level 1. HP: 13/13 MP: 3/3
   603 | D:1      | Reached XP level 2. HP: 19/19 MP: 3/5
   927 | D:1      | Reached XP level 3. HP: 24/24 MP: 4/6
  1372 | D:1      | Learned a level 3 spell: Ozocubu's Armour
  1623 | D:2      | Learned a level 3 spell: Frozen Ramparts
  1791 | D:2      | Reached XP level 4. HP: 29/30 MP: 7/7
  1906 | D:2      | Noticed Natasha
  1910 | D:2      | Killed Natasha
  2122 | D:2      | Found a broken altar of Ashenzari.
  2270 | D:2      | Reached XP level 5. HP: 35/35 MP: 9/9
  2281 | D:2      | Noticed Natasha
  2351 | D:2      | Killed Natasha
  2351 | D:2      | Reached skill level 5 in Ice Magic
  2485 | D:2      | Noticed Natasha
  3107 | D:3      | Reached XP level 6. HP: 12/42 MP: 4/11
  4097 | D:3      | Reached skill level 1 in Fighting
  4368 | D:4      | Noticed Blork the orc
  4527 | D:4      | Killed Blork the orc
  4835 | D:4      | Noticed an ogre
  4856 | D:4      | Killed an ogre
  4856 | D:4      | Reached XP level 7. HP: 48/48 MP: 13/13
  4927 | D:4      | Found a shimmering blue altar of Sif Muna.
  4933 | D:4      | Became a worshipper of Sif Muna the Loreminder
  5242 | D:5      | Entered Level 5 of the Dungeon
  5243 | D:5      | Noticed a water moccasin
  5263 | D:5      | Killed a water moccasin
  5667 | D:5      | Reached skill level 5 in Spellcasting
  5996 | D:5      | Reached XP level 8. HP: 48/54 MP: 15/15
  6085 | D:5      | Found a transporter.
  6096 | D:5      | Noticed YoungGLord's ghost (novice GrEE)
  6161 | D:5      | Found a transporter.
  6255 | D:5      | Found a blossoming altar of Fedhas.
  6342 | D:5      | Found Wikhlyma's Serpentskin Sales.
  6421 | D:5      | Killed YoungGLord's ghost
  6426 | D:5      | Reached * piety under Sif Muna
  6596 | D:5      | Reached skill level 1 in Short Blades
  7218 | D:6      | Reached skill level 1 in Slings
  7304 | D:6      | Found a stormy altar of Qazlal.
  7310 | D:6      | Learned a level 1 spell: Summon Small Mammal
  7364 | D:6      | Noticed Grinder
  7385 | D:6      | Killed Grinder
  7385 | D:6      | Reached XP level 9. HP: 40/59 MP: 18/18
  8625 | D:6      | Found a staircase to the Ecumenical Temple.
  8717 | D:6      | Reached skill level 1 in Summonings
  8721 | D:6      | Reached skill level 1 in Polearms
  8910 | D:6      | Learned a level 2 spell: Call Imp
  8918 | D:6      | Found Lilud's Antique Weapon Emporium.
 10292 | D:7      | Reached ** piety under Sif Muna
 10292 | D:7      | Reached XP level 10. HP: 67/67 MP: 22/22
 10620 | D:7      | HP: 1/67 [orc warrior/+0 glaive (18)]
 11326 | D:7      | Learned a level 4 spell: Summon Ice Beast
 11623 | D:7      | Found Taec's Gadget Boutique.
 12130 | D:8      | Noticed a green ugly thing
 12142 | D:8      | Killed a green ugly thing
 12988 | D:8      | Noticed a green ugly thing
 13001 | D:8      | Killed a green ugly thing
 13124 | D:9      | Found a burning altar of Makhleb.
 13160 | D:9      | Found a staircase to the Orcish Mines.
 13160 | D:9      | Found Ogafeq's Weapon Emporium.
 13204 | D:9      | Reached XP level 11. HP: 44/72 MP: 24/24
 13348 | D:9      | Reached *** piety under Sif Muna
 13396 | D:9      | Learned a level 4 spell: Hailstorm
 13444 | D:9      | Found a broken altar of Ashenzari.
 14008 | D:9      | Found a staircase to the Lair.
 14721 | Lair:1   | Entered Level 1 of the Lair of Beasts
 14730 | Lair:1   | Reached skill level 10 in Spellcasting
 14731 | Lair:1   | Noticed a seven-headed hydra
 14742 | Lair:1   | HP: 2/75 [seven-headed hydra (5)]
 14744 | Lair:1   | Killed a seven-headed hydra
 14744 | Lair:1   | Reached skill level 5 in Dodging
 14744 | Lair:1   | Reached skill level 10 in Ice Magic
 15145 | Lair:1   | Found a runed translucent gate.
 15145 | Lair:1   | Found a runed translucent gate.
 15145 | Lair:1   | Found a runed translucent gate.
 15768 | Lair:1   | Noticed Grum
 15788 | Lair:1   | Killed Grum
 16001 | Lair:1   | Noticed a minotaur
 16006 | Lair:1   | Noticed lilly's ghost (journeyman MiHu)
 16687 | Lair:1   | Reached skill level 5 in Stealth
 16834 | Lair:1   | Killed lilly's ghost
 16839 | Lair:1   | Gained mutation: You are partially covered in slimy green
                  | scales. (AC +2) [potion of mutation]
 16839 | Lair:1   | Gained mutation: You are partially covered in large bone
                  | plates. (SH +4) [potion of mutation]
 16839 | Lair:1   | Gained mutation: Your movements are slightly less
                  | encumbered by armour. (ER -2) [potion of mutation]
 16839 | Lair:1   | Gained mutation: Your muscles are strong. (Str +2) [potion
                  | of mutation]
 16846 | Lair:1   | Killed a minotaur
 17365 | Lair:1   | Reached XP level 12. HP: 81/81 MP: 15/26
 18669 | Lair:2   | Noticed an eight-headed hydra
 18691 | Lair:2   | Killed an eight-headed hydra
 18691 | Lair:2   | Reached skill level 1 in Shields
 18823 | Lair:2   | Noticed Sonja
 18834 | Lair:2   | Cast into level 2 of the Abyss (Sonja)
 18866 | Abyss:2  | Noticed a wizard
 18960 | Lair:2   | Escaped the Abyss
 18967 | Lair:2   | Killed Sonja
 19161 | Lair:2   | Learned a level 3 spell: Summon Guardian Golem
 19417 | Lair:3   | Noticed a death yak
 19427 | Lair:3   | Killed a death yak
 19724 | Lair:3   | Reached **** piety under Sif Muna
 20005 | Lair:3   | Learned a level 5 spell: Metabolic Englaciation
 20199 | Lair:3   | Noticed Rupert
 20216 | Lair:3   | Killed Rupert
 20307 | Lair:3   | Noticed Gastronok
 20334 | Lair:3   | Killed Gastronok
 20643 | Lair:3   | Learned a level 4 spell: Petrify
 20667 | Lair:4   | Reached skill level 1 in Hexes
 20759 | Lair:4   | Found a gate leading to a gauntlet.
 20771 | Lair:4   | Reached skill level 5 in Summonings
 20798 | Lair:4   | Noticed a seven-headed hydra
 20806 | Lair:4   | Killed a seven-headed hydra
 21002 | Lair:4   | Reached XP level 13. HP: 77/87 MP: 20/29
 21088 | Lair:4   | Found a hole to the Spider Nest.
 21677 | Lair:4   | Noticed a seven-headed hydra
 21691 | Lair:4   | Killed a seven-headed hydra
 21787 | Lair:4   | Noticed Nergalle
 21824 | Lair:4   | Killed Nergalle
 22602 | Lair:4   | Learned a level 4 spell: Summon Lightning Spire
 22627 | Lair:4   | Noticed Josephine
 22645 | Lair:4   | Killed Josephine
 22655 | Lair:4   | Lost mutation: You are partially covered in slimy green
                  | scales. (AC +2) [potion of mutation]
 22655 | Lair:4   | Lost mutation: Your muscles are strong. (Str +2) [potion of
                  | mutation]
 22655 | Lair:4   | Gained mutation: You tend to lose your temper in combat.
                  | [potion of mutation]
 22655 | Lair:4   | Gained mutation: You are partially covered in thin metallic
                  | scales. (AC +2) [potion of mutation]
 22655 | Lair:4   | Engulfed by their own flame

Illustrated notes

Levels and vault maps discovered:
D:1:      lightli_molten_gateway, layout_basic
D:2:      minmay_angry_zag, layout_basic, nicolae_ashenzari_panopticon,
          uniq_natasha
D:3:      layout_loops_ring
D:4:      layout_basic, led_sif_pool, uniq_blork_the_orc
D:5:      layout_cave_pools, fedhas_altar_fruit_tree,
          gammafunk_ghost_gnarly_gnolls, guppyfry_shop_venom
D:6:      layout_cave_pods, nicolae_overflow_hidden_temple,
          minmay_temple_entry_purple_smoke, serial_shops, shop, uniq_grinder
D:7:      kennysheep_windowed_halls, layout_basic, serial_shops, shop
D:8:      layout_rooms, minmay_shattered_shrine
D:9:      layout_roguey, bloody_makhleb, david_lair_shrubbed, orc_david_3,
          basic_altar
Lair:1:   layout_regular_city, maelrawn_ghost_gauntlet_escape,
          infiniplex_staircase_pool, grunt_megastairs_3, uniq_grum
Lair:2:   layout_loops_ring, uniq_sonja
Lair:3:   layout_chaotic_city, lemuel_fruit_tree, minmay_lair_oklob_chamber,
          uniq_rupert, uniq_gastronok
Lair:4:   layout_cave_pods, elwin_shoals_entry_rooms,
          spider_nest_entry_funnel_web, gauntlet_entry_generic,
          beast_lair_carwin_8, uniq_josephine, uniq_nergalle

Skill      XL: |  1  2  3  4  5  6  7  8  9 10 11 12 13 |
---------------+----------------------------------------+-----
Spellcasting   | 3 4 5 6 8 9 10 12 | 12.7
Ice Magic      | 5 6 7 8 9 10 11 12 | 12.5
Fighting       | 1 2 3 |  3.6
Dodging        | 3 4 5 6 |  6.2
Stealth        | 3 4 5 |  5.1
Short Blades   | 1 |  1.1
Slings         | 1 |  1.8
Summonings     | 2 3 4 5 |  5.7
Polearms       | 1 2 3 4 |  4.0
Shields        | 1 |  1.1
Hexes          | 1 2 |  2.1
Throwing       | |  0.2
Conjurations   | |  0.3
Evocations     | |  0.2

Action                   |  1- 3 |  4- 6 |  7- 9 | 10-12 | 13-15 || total
-------------------------+-------+-------+-------+-------+-------++-------
Melee: Club              |     9 |       |       |       |       ||     9
       Unarmed           |     2 |       |       |       |       ||     2
       Dagger            |     8 |    19 |    46 |       |       ||    73
       Spear             |       |       |   105 |   265 |    43 ||   413
 Fire: Hunting sling     |       |       |    21 |       |       ||    21
Throw: Stone             |     1 |       |    10 |       |     2 ||    13
 Cast: Freeze            |    36 |   100 |    43 |       |       ||   179
       Frozen Ramparts   |       |     8 |    25 |    74 |    15 ||   122
       Ozocubu's Armour  |       |     7 |    26 |    80 |    15 ||   128
       Summon Small Mamm |       |       |   150 |       |       ||   150
       Call Imp          |       |       |    24 |     4 |       ||    28
       Summon Ice Beast  |       |       |       |    87 |    18 ||   105
       Hailstorm         |       |       |       |     6 |     1 ||     7
       Summon Guardian G |       |       |       |    14 |    15 ||    29
Evoke: Wand              |       |       |       |     2 |       ||     2
  Use: Scroll            |     3 |     5 |     2 |    14 |     4 ||    28
       Potion            |       |     2 |     2 |     8 |     5 ||    17
 Stab: Sleeping          |     1 |     1 |     1 |     4 |       ||     7
       Distracted        |       |       |     1 |     6 |       ||     7
Armor: Robe              |     9 |    24 |    68 |   112 |    25 ||   238
       Skin              |       |       |       |    22 |       ||    22
Dodge: Dodged            |    46 |    69 |   156 |   279 |    49 ||   599
Block: Other             |       |       |       |    25 |     8 ||    33

Table legend: (Time is in decaauts)
 A = Elapsed time spent in this place.
 B = Non-inter-level travel time spent in this place.
 C = Inter-level travel time spent in this place.
 D = Time resting spent in this place.
 E = Time spent auto-exploring this place.
 F = Levels seen in this place.
 G = Mean time per level.
                   A        B        C        D        E       F      G
               +--------+--------+--------+--------+--------+-----+--------+
         Total |  22694 |  22694 |      0 |  10406 |      0 |  14 | 1621.0 |
       Dungeon |  14730 |  14730 |      0 |   5904 |      0 |   9 | 1636.7 |
          Lair |   7837 |   7837 |      0 |   4437 |      0 |   4 | 1959.2 |
         Abyss |    127 |    127 |      0 |     65 |      0 |   1 |  127.0 |
               +--------+--------+--------+--------+--------+-----+--------+

Top non-repeatable levels by time:
  Lair:1: 3099 daAuts
     D:6: 2625 daAuts
     D:7: 2206 daAuts
  Lair:4: 2006 daAuts
     D:5: 1772 daAuts
     D:2: 1683 daAuts
     D:9: 1603 daAuts
  Lair:3: 1506 daAuts
     D:3: 1411 daAuts
     D:1: 1374 daAuts
     D:8: 1283 daAuts
  Lair:2: 1224 daAuts
     D:4: 768 daAuts
 Abyss:2: 127 daAuts
